 Dungeon Crawl Stone Soup version 0.29-a0-919-gd064cfad1c (webtiles) character file.

Game seed: 5747848313206719959

72 quixfox the Digger (level 4, -4/24 HPs)
             Began as a Gargoyle Earth Elementalist on July 27, 2022.
             Slain by a gnoll
             ... wielding a +0 flail
              (5 damage)
             ... on level 2 of the Dungeon.
             The game lasted 00:02:46 (1356 turns).

quixfox the Digger (Gargoyle Earth Elementalist)    Turns: 1356, Time: 00:02:46

Health: -4/24      AC:  7    Str: 11    XL:     4   Next: 25%
Magic:  3/8        EV: 11    Int: 18    God:
Gold:   88         SH:  0    Dex: 10    Spells: 3/9 levels left

rFire   . . .      SeeInvis .   m - +0 whip (venom)
rCold   . . .      Faith    .   (no shield)
rNeg    + . .      Spirit   .   a - +0 robe
rPois   ∞          Reflect  .   (no helmet)
rElec   +          Harm     .   (no cloak)
rCorr   .          Rampage  .   (no gloves)
Will    .....                   i - +1 pair of boots
Stlth   ++........              (no amulet)
HPRegen 0.08/turn               (no ring)
MPRegen 0.11/turn               (no ring)

@: no status effects
A: sickness immunity, AC +3, negative energy resistance 1, electricity
resistance, torment resistance 1, petrification resistance
a: no special abilities


You were on level 2 of the Dungeon.
You visited 1 branch of the dungeon, and saw 2 of its levels.

You collected 88 gold pieces.

Inventory:

Hand Weapons
 m - a +0 whip of venom (weapon)
Armour
 a - a +0 robe (worn)
 i - a +1 pair of boots (worn)
Scrolls
 c - 3 scrolls of fog {unknown}
 h - a scroll of identify {unknown}
 j - a scroll of poison {unknown}
 l - a scroll of summoning {unknown}
Potions
 b - a potion of magic
 d - 2 potions of mutation {unknown}
 f - a potion of haste {unknown}
 g - 3 potions of brilliance {unknown}
 k - a potion of curing {unknown}


   Skills:
 - Level 1.5 Dodging
 - Level 2.1 Stealth
 + Level 3.2 Spellcasting
 - Level 0.7 Transmutations
 + Level 4.9 Earth Magic


You had 3 spell levels left.
You knew the following spells:

 Your Spells              Type           Power      Damage    Failure   Level
a - Sandblast             Erth           40%        2d10      1%          1
b - Passwall              Tmut/Erth      10%        N/A       8%          2
c - Stone Arrow           Conj/Erth      22%        3d8       17%         3

Your spell library contained the following spells:

 Spells                   Type           Power      Damage    Failure   Level
 Petrify                  Tmut/Erth      13%        N/A       45%         4
 Freezing Cloud           Conj/Ice/Air   1%         6-21      99%         5
 Simulacrum               Ice/Necr       1%         N/A       100%        6
 Polar Vortex             Ice            1%         N/A       100%        9


Dungeon Overview and Level Annotations

Branches:
Dungeon (2/15)

Altars:


Innate Abilities, Weirdness & Mutations

You are immune to sickness and miasma.
Your stone body is resilient. (AC +3)
You are immune to poison.
You resist negative energy. (rN+)
You are resistant to electric shocks. (rElec)
You are resistant to unholy torment.
You are immune to petrification.


Message History

The gnoll suddenly seems more resistant.
The blast of sand misses the gnoll.
An adder comes into view.
The blast of sand misses the gnoll.
The blast of sand hits the gnoll.
The gnoll is heavily wounded.
The gnoll hits you with a +0 whip. The gnoll barely misses you.
The gnoll misses you. The gnoll attacks as you move away!
The gnoll hits you with a +0 flail. The gnoll attacks as you move away!
The gnoll barely misses you. The gnoll attacks as you move away!
The gnoll hits you with a +0 whip. The gnoll attacks as you move away!
The gnoll closely misses you.
You see here a +0 whip.
You see here a +0 dagger.
Aiming: Sandblast (safe; 2% risk of failure)
Press: ? - help, Q - select action, (/) - cycle Shift-Dir - straight line, f/p - gnoll
Aim: a gnoll, wielding a +0 whip (heavily wounded, unusually resistant, 85% to hit)
The blast of sand hits the gnoll.
The gnoll is heavily wounded.
The gnoll hits you with a +0 flail!
* * * LOW HITPOINT WARNING * * *
Aiming: Sandblast (safe; 2% risk of failure)
Press: ? - help, Q - select action, (/) - cycle Shift-Dir - straight line, f/p - gnoll
Aim: a gnoll, wielding a +0 whip (heavily wounded, unusually resistant, 85% to hit)
The blast of sand hits the gnoll!
You kill the gnoll!
The gnoll misses you.
Aiming: Sandblast (safe; 1% risk of failure)
Press: ? - help, Q - select action, (/) - cycle Shift-Dir - straight line, f - gnoll
Aim: a gnoll, wielding a +0 flail (heavily wounded, 85% to hit)
The blast of sand misses the gnoll.
The blast of sand hits the adder!
The adder is severely wounded.
The gnoll hits you but does no damage. The gnoll hits you with a +0 flail!
* * * LOW HITPOINT WARNING * * *
Okay, then.
Aiming: Sandblast (safe; 1% risk of failure)
Press: ? - help, Q - select action, (/) - cycle Shift-Dir - straight line, f/p - gnoll
Aim: a gnoll, wielding a +0 flail (heavily wounded, 85% to hit)
The blast of sand misses the gnoll.
The blast of sand misses the adder.
The gnoll hits you with a +0 flail.
You die...

######### #####
#.......# #...#
#.......#
###...#####.......#
..................#
###....###........#
#....#.....###S##
#........### #g#
#........# #@#
#.......#..
#.############
.............
#............#
.......#.##...
####.........#
g..###...#
....####.........# ...
#.###
.................# ...
...
....###.#........#####
... ...
#.#<#.######.... ###
..
...###.#.#.######.###


You could see a gnoll and an adder.

Vanquished Creatures
  An adder (D:2)
  3 gnolls (D:2)
  4 dart slugs
  2 endoplasms
  3 goblins
  2 hobgoblins
  A quokka (D:1)
  4 ball pythons
  2 bats (D:1)
  A frilled lizard (D:1)
  3 kobolds (D:1)
  3 rats
29 creatures vanquished.

Vanquished Creatures (others)
  A plant (D:1)
1 creature vanquished.

Grand Total: 30 creatures vanquished

Notes
Turn   | Place    | Note
-------+----------+-------------------------------------------
     0 | D:1      | quixfox the Gargoyle Earth Elementalist began the quest for
                  | the Orb.
     0 | D:1      | Reached XP level 1. HP: 10/10 MP: 3/3
   176 | D:1      | Found a faded altar of an unknown god.
   256 | D:1      | Reached XP level 2. HP: 15/15 MP: 3/5
   257 | D:1      | Reached skill level 4 in Earth Magic
   883 | D:2      | Reached XP level 3. HP: 19/19 MP: 5/7
   886 | D:2      | Learned a level 2 spell: Passwall
   890 | D:2      | Learned a level 3 spell: Stone Arrow
  1239 | D:2      | Reached XP level 4. HP: 16/24 MP: 2/8
  1355 | D:2      | HP: 1/24 [gnoll/+0 flail (7)]
  1356 | D:2      | Slain by a gnoll

Illustrated notes

Levels and vault maps discovered:
D:1:      roderic_crop_circles_arrival_large, layout_rooms,
          ebering_ecumenical_altar_webs, minmay_misc_feat_plants
D:2:      layout_basic

Skill      XL: |  1  2  3 |
---------------+----------+-----
Earth Magic    | 4 |  4.9
Spellcasting   | 3 |  3.2
Dodging        | |  1.5
Stealth        | |  2.1
Transmutations | |  0.7

Action                   |  1- 3 |  4- 6 || total
-------------------------+-------+-------++-------
Melee: Unarmed           |     2 |       ||     2
 Cast: Sandblast         |    42 |     7 ||    49
Armor: Robe              |     9 |     1 ||    10
Dodge: Dodged            |    10 |     5 ||    15

Table legend: (Time is in decaauts)
 A = Elapsed time spent in this place.
 B = Non-inter-level travel time spent in this place.
 C = Inter-level travel time spent in this place.
 D = Time resting spent in this place.
 E = Time spent auto-exploring this place.
 F = Levels seen in this place.
 G = Mean time per level.
                   A        B        C        D        E       F      G
               +--------+--------+--------+--------+--------+-----+--------+
         Total |   1402 |   1341 |     61 |    108 |    967 |   2 |  701.0 |
       Dungeon |   1402 |   1341 |     61 |    108 |    967 |   2 |  701.0 |
               +--------+--------+--------+--------+--------+-----+--------+

Top non-repeatable levels by time:
     D:1: 888 daAuts
     D:2: 514 daAuts
